Map: Ulrena

Players

pupu

  • Race: Protoss Protoss
  • League: Gold

Peregrinus - Winner!

  • Race: Zerg Zerg

VOD

Have the link to the VOD?

Description

Time

  • Played on: April 19, 2016, 9:23 a.m.
  • Length: 7:51
Show
View Real Time Build Order
Export as new Build Order

pupu Protoss 

Build Orders: Oracle Opening 

Get SALT Encoding   

  12  0:02  Probe (Chrono Boost)  
  13  0:12  Probe (Chrono Boost)  
  14  0:20  Pylon  
  14  0:23  Probe (Chrono Boost)  
  15  0:39  Probe (Chrono Boost), Gateway  
  16  0:48  Assimilator  
  16  0:49  Probe (Chrono Boost)  
  17  0:54  Assimilator  
  17  1:00  Probe (Chrono Boost)  
  18  1:10  Probe (Chrono Boost)  
  19  1:33  Probe (Chrono Boost)  
  19  1:34  Cybernetics Core  
  19  1:36  Zealot  
  22  1:44  Probe (Chrono Boost)  
  23  1:55  Pylon  
  23  2:12  Stalker  
  23  2:13  Probe (Chrono Boost)  
  26  2:18  Stargate  
  27  2:30  Probe (Chrono Boost)  
  27  2:37  Warp Gate (Chrono Boost)  
  27  2:51  Nexus  
  27  2:52  Pylon  
  27  3:07  Probe  
  28  3:13  Oracle (Chrono Boost)  
  28  3:19  Probe  
  32  3:29  Pylon  
  32  3:31  Probe  
  33  3:38  Gateway  
  33  3:41  Stalker, Gateway  
  33  3:43  Probe  
  36  3:51  Oracle (Chrono Boost)  
  39  4:12  Probe  
  37  4:23  Void Ray (Chrono Boost)  
  41  4:24  Probe  
  41  4:25  Pylon  
  41  4:30  Gateway  
  42  4:36  Probe  
  43  4:44  Stalker x2  
  47  4:48  Probe  
  48  4:56  Probe, Protoss Air Weapons Level 1 (Chrono Boost)  
  49  5:00  Probe  
  49  5:06  Probe  
  45  5:18  Stalker  
  32  5:34  Probe  
  30  5:36  Probe  
  32  5:53  Pylon  
  32  5:56  Probe  
  32  5:57  Probe, Pylon  
  32  5:59  Pylon  
  32  6:00  Void Ray  
  38  6:04  Pylon  
  38  6:06  Assimilator  
  38  6:32  Stalker  
  38  6:33  Stalker x3  
  46  6:43  Void Ray  
  50  6:47  Robotics Facility  
  50  6:49  Probe  
  50  6:51  Probe  
  52  7:09  Zealot x3  
  48  7:41  Zealot x4  
Show
View Real Time Build Order
Export as new Build Order

Peregrinus Zerg - Winner!

Build Orders: Hatch First 

Get SALT Encoding   

  12  0:05  Drone  
  13  0:09  Drone  
  14  0:19  Overlord  
  14  0:39  Drone x3  
  17  0:54  Hatchery  
  16  0:57  Drone  
  16  1:02  Extractor  
  16  1:08  Drone  
  17  1:14  Drone  
  18  1:23  Spawning Pool  
  18  1:25  Drone  
  18  1:33  Drone  
  19  1:44  Overlord  
  19  1:58  Drone  
  20  2:07  Drone x2  
  22  2:10  Queen  
  22  2:11  Queen  
  26  2:17  Drone x2  
  28  2:25  Extractor  
  28  2:29  Drone x2  
  29  2:37  Overlord  
  29  2:47  Roach Warren  
  29  2:50  Queen  
  30  2:53  Drone  
  31  3:00  Drone x2  
  31  3:01  Drone  
  34  3:13  Zergling x4  
  34  3:14  Drone  
  37  3:26  Spine Crawler  
  36  3:31  Roach x4  
  44  3:34  Overlord  
  44  3:42  Spore Crawler  
  43  3:56  Overlord  
  43  3:58  Roach  
  43  3:59  Roach x3  
  50  4:15  Zergling x2  
  50  4:16  Roach x3  
  57  4:20  Ravager x3  
  57  4:23  Overlord  
  60  4:39  Overlord x2  
  60  4:52  Zergling x4  
  62  4:53  Drone x5  
  51  5:24  Queen  
  51  5:29  Lair  
  51  5:32  Spore Crawler  
  51  5:34  Spore Crawler  
  39  5:46  Spore Crawler  
  39  5:47  Extractor, Drone x5  
  42  5:58  Metabolic Boost  
  42  5:59  Queen  
  48  6:11  Roach x4  
  48  6:12  Roach  
  48  6:18  Drone x2  
  56  6:35  Queen, Overlord, Drone x2  
  56  6:36  Drone x3  
  63  6:50  Hydralisk Den  
  62  6:55  Zergling x2, Roach  
  62  6:56  Roach x4  
  62  6:58  Ravager x5  
  78  7:06  Extractor  
  78  7:07  Overseer  
Tags
 
Add a new tag
Caveats
  • Supply blocks, unpowered buildings, or Contaminate may cause inaccurate times.
  • Supply counts are checked every 10 seconds.